 Dungeon Crawl Stone Soup version 0.21.1-1-g345015f (webtiles) character file.

3 inc the Vexing (level 1, -3/7 HPs)
             Began as a Felid Enchanter on Feb 25, 2018.
             Slain by a leopard gecko (5 damage)
             ... on level 1 of the Dungeon.
             The game lasted 00:00:09 (51 turns).

inc the Vexing (Felid Enchanter)                      Turns: 51, Time: 00:00:10

Health: -3/7       AC:  1    Str:  4    XL:     1   Next: 41%
Magic:  4/4        EV: 18    Int: 16    God:
Gold:   0          SH:  0    Dex: 16    Spells: 3/4 levels left
                                        Lives:  0   Deaths: 0

rFire    . . .     SeeInvis +     - Unarmed
rCold    . . .     Gourm    .   (shield unavailable)
rNeg     . . .     Faith    .   (armour unavailable)
rPois    .         Spirit   .   (helmet unavailable)
rElec    .         Reflect  .   (cloak unavailable)
rCorr    .         Harm     .   (gloves unavailable)
MR       .....                  (boots unavailable)
Stlth    +++.......             (no amulet)
HPRegen  0.02/turn              (no ring)
MPRegen  0.09/turn              (no ring)

@: quick
A: very small, no armour, no weapons or thrown items, stealth, claws 1, fangs 3,
see invisible, carnivore, speed 1, shaggy fur 1, slow metabolism 1, sharp paws
a: no special abilities


You were on level 1 of the Dungeon.
You were not hungry.

You visited 1 branch of the dungeon, and saw 1 of its levels.

Inventory:

Books
 a - a book of Maledictions

   Spells                             Type                      Level
   a - Corona                         Hexes                        1
   b - Ensorcelled Hibernation        Hexes/Ice                    2
   c - Confuse                        Hexes                        3
   d - Tukima's Dance                 Hexes                        3
   e - Dazzling Spray                 Conjuration/Hexes            3
Comestibles
 b - a ration


   Skills:
 - Level 2.6 Dodging
 - Level 4.0 Stealth
 + Level 1.5 Unarmed Combat
 - Level 2.0 Spellcasting
 - Level 4.4 Hexes


You had 3 spell levels left.
You knew the following spells:

 Your Spells              Type           Power        Failure   Level  Hunger
a - Corona                Hex            ###....      3%          1    #......


Dungeon Overview and Level Annotations

Branches:
Dungeon (1/15)

Altars:


Innate Abilities, Weirdness & Mutations

You cannot wear armour.
You are incapable of wielding weapons or throwing items.
Your paws allow you to move quietly. (Stealth)
You have sharp claws.
You have razor-sharp teeth.
You have supernaturally acute eyesight. (SInv)
You are carnivorous and can eat meat at any time.
You cover ground quickly.
You are covered in fur. (AC +1)
You have a slow metabolism.
Your sharp claws are effective at attacking unaware monsters.


Message History

Found a stone staircase leading down.
You pounce on the unaware helpless hobgoblin!
You claw the hobgoblin!
You kill the hobgoblin!
The leopard gecko completely misses you.
You closely miss the leopard gecko. The leopard gecko closely misses you.
You closely miss the leopard gecko. Your bite misses the leopard gecko.
The leopard gecko bites you.
Ouch! That really hurt!
* * * LOW HITPOINT WARNING * * *
You scratch the leopard gecko but do no damage.
The leopard gecko misses you.
You barely miss the leopard gecko.
You bite the leopard gecko, but do no damage.
The leopard gecko completely misses you.
You scratch the leopard gecko.
The leopard gecko is severely wounded.
The leopard gecko bites you.
Ouch! That really hurt!
You die...

.. #. #...######
##+##...##
##+###........#
.(............#
.l.......)....#
..............##
..................
....#+##.#####.....
......?@†# b....
......l..# .....
.........# .!..
.........#
..........
....#...!..
#####...>..
#.......


You could see a leopard gecko.

Vanquished Creatures
  2 hobgoblins (D:1)
  A rat (D:1)
3 creatures vanquished.

Notes
Turn   | Place    | Note
-------+----------+-------------------------------------------
     0 | D:1      | inc the Felid Enchanter began the quest for the Orb.
     0 | D:1      | Reached XP level 1. HP: 7/7 MP: 4/4
     2 | D:1      | Noticed a vine stalker
     2 | D:1      | Noticed a ghoul
     4 | D:1      | Noticed a troll
     4 | D:1      | Noticed a demonspawn
     6 | D:1      | Noticed a felid
     6 | D:1      | Noticed a naga
     8 | D:1      | Noticed a gargoyle
    10 | D:1      | Noticed a spriggan
    12 | D:1      | Noticed an octopode
    12 | D:1      | Noticed a draconian
    14 | D:1      | Noticed a minotaur
    16 | D:1      | Noticed a halfling
    16 | D:1      | Noticed an elf
    18 | D:1      | Noticed a human
    18 | D:1      | Noticed a centaur
    20 | D:1      | Noticed a vampire
    20 | D:1      | Noticed a tengu
    22 | D:1      | Noticed a formicid
    24 | D:1      | Noticed an ogre
    24 | D:1      | Noticed a dwarf
    26 | D:1      | Noticed a demigod
    26 | D:1      | Noticed a merfolk
    51 | D:1      | Slain by a leopard gecko

Action                   || total
-------------------------++-------
Melee: Unarmed           ||     8
       Bite              ||     1
 Stab: Sleeping          ||     2
Dodge: Dodged            ||     4
